 Dungeon Crawl Stone Soup version 0.32-a0-42-ga30500b4d3 (webtiles) character file.

Game seed: 1346235231995963573

25 CougarLife the Ducker (level 2, -15/29 HPs)
             Began as a Troll Fighter on Jan 26, 2024.
             Demolished by Crazy Yiuf
             ... wielding a +4 quarterstaff of chaos
              (17 damage)
             ... on level 2 of the Dungeon.
             The game lasted 00:00:48 (878 turns).

CougarLife the Ducker (Troll Fighter)                Turns: 878, Time: 00:00:49

Health: -15/29     AC:  4    Str: 23    XL:     2   Next: 86%
Magic:  1/1        EV:  9    Int:  4    God:
Gold:   82         SH:  7    Dex:  9    Spells: 1/1 levels left

rFire   . .          .
                       - Unarmed
rCold   . . .        b - +0 kite shield
rNeg    . . .        a - +0 robe
rPois   .            (helmet restricted)
rElec   .            (no cloak)
rCorr   .            (gloves unavailable)
SInv    .            (boots unavailable)
Will    .....        (no amulet)
Stlth   +            (no ring)
HPRegen 1.04/turn    (no ring)
MPRegen 0.07/turn

%: no passive effects
@: lethally poisoned (-15 -> -17)
A: large, unfitting armour, claws 3, regeneration 1, shaggy fur 1, tough skin 1
a: no special abilities


You were on level 2 of the Dungeon.
You visited 1 branch of the dungeon, and saw 2 of its levels.

You collected 82 gold pieces.

Inventory:

Missiles
 e - 2 poisoned darts (quivered)
 h - 5 boomerangs
Armour
 a - a +0 robe (worn)
 b - a +0 kite shield (worn)
Scrolls
 d - 2 scrolls of identify {unknown}
 g - a scroll of enchant weapon {unknown}
Potions
 c - a potion of might
 f - a potion of curing {unknown}
 i - a potion of mutation {unknown}


   Skills:
 + Level 2.5 Fighting
 - Level 3.0 Dodging
 - Level 3.0 Shields
 * Level 2.2 Unarmed Combat


You had one spell level left.
You didn't know any spells.
Your spell library was empty.

Dungeon Overview and Level Annotations

Branches:
Dungeon (2/15)

Altars:

Shops:
D:1 *

Annotations:
D:2 Crazy Yiuf


Innate Abilities, Weirdness & Mutations

You are too large for most types of armour.
You have claws for hands.
Your natural rate of healing is unusually fast.
You are covered in fur. (AC +1)
You have tough skin. (AC +1)


Message History

There is a stone staircase leading up here.
Found two hammers.
No target in view!
No target in view!
You see here a +0 hammer.
Found four hammers.
Found a runed translucent door.
You see here a +0 hammer.
Crazy Yiuf shouts!
You see here a +0 hammer.
You see here a +0 hammer.
Found two hammers.
No reachable target in view!
You open the door.
Crazy Yiuf says, "Rot noodlescoop infinity!"
You completely miss Crazy Yiuf. Crazy Yiuf barely misses you.
You scratch Crazy Yiuf.
Crazy Yiuf is moderately wounded.
Crazy Yiuf hits you but does no damage.
You barely miss Crazy Yiuf.
Crazy Yiuf is moderately wounded.
Crazy Yiuf hits you with a +4 quarterstaff of chaos!
You scratch Crazy Yiuf.
Crazy Yiuf is heavily wounded.
Crazy Yiuf hits you with a +4 quarterstaff of chaos!
* * * LOW HITPOINT WARNING * * *
You closely miss Crazy Yiuf.
Crazy Yiuf is heavily wounded.
You block Crazy Yiuf's attack.
You scratch Crazy Yiuf.
Crazy Yiuf is severely wounded.
Crazy Yiuf hits you with a +4 quarterstaff of chaos.
* * * LOW HITPOINT WARNING * * *
You are lethally poisoned!
You scratch Crazy Yiuf.
Crazy Yiuf is severely wounded.
* * * LOW HITPOINT WARNING * * *
You feel sick.
Crazy Yiuf hits you with a +4 quarterstaff of chaos!
Ouch! That really hurt!
You die...

##.......
#####........
.............
#####........
#........
♣♣♣♣♣##.#.....# ###
♣♣♣)♣).#...#.[.##
#).)#♣))♣.P.....##.##
#...g@♣♣♣♣PP....##.#
# #)).#♣♣
♣♣.#..###.### ###
♣♣##.###.##.
#........ ########.
#. #. ##### #....


You could see Crazy Yiuf.

Vanquished Creatures
  A dart slug (D:1)
  4 bats (D:1)
  2 endoplasms (D:1)
  3 goblins (D:1)
  A hobgoblin (D:1)
  4 jackals (D:1)
  2 ball pythons (D:1)
  A frilled lizard (D:1)
  2 kobolds (D:1)
  A rat (D:1)
21 creatures vanquished.

Notes
Turn   | Place    | Note
-------+----------+-------------------------------------------
     0 | D:1      | CougarLife the Troll Fighter began the quest for the Orb.
     0 | D:1      | Reached XP level 1. HP: 22/22 MP: 0/0
    41 | D:1      | Found Royse's General Store.
   160 | D:1      | Reached XP level 2. HP: 27/29 MP: 1/1
   867 | D:2      | Found a runed translucent door.
   868 | D:2      | Noticed Crazy Yiuf
   878 | D:2      | Demolished by Crazy Yiuf

Illustrated notes

Levels and vault maps discovered:
D:1:      shiori_shiawase, layout_loops_ring, serial_shops,
          nicolae_shop_peninsula, ebering_dispersal_statue_hall,
          minmay_misc_feat_four_crosses
D:2:      layout_loops_ring, glass_columns_a, uniq_crazy_yiuf_cottage

Skill      XL: |  1  2 |
---------------+-------+-----
Dodging        | 3 |  3.0
Shields        | 3 |  3.0
Fighting       | |  2.5
Unarmed Combat | |  2.2

Action                     || total
---------------------------++-------
  Melee: Unarmed           ||    53
   Stab: Sleeping          ||     1
 Armour: Robe              ||    21
  Dodge: Dodged            ||    16
  Block: Kite shield       ||    15

Table legend: (Time is in decaauts)
 A = Elapsed time spent in this place.
 B = Non-inter-level travel time spent in this place.
 C = Inter-level travel time spent in this place.
 D = Time resting spent in this place.
 E = Time spent auto-exploring this place.
 F = Levels seen in this place.
 G = Mean time per level.
                   A        B        C        D        E       F      G
               +--------+--------+--------+--------+--------+-----+--------+
         Total |    882 |    802 |     80 |      0 |    669 |   2 |  441.0 |
       Dungeon |    882 |    802 |     80 |      0 |    669 |   2 |  441.0 |
               +--------+--------+--------+--------+--------+-----+--------+

Top non-repeatable levels by time:
     D:1: 795 daAuts
     D:2: 87 daAuts
